 Dungeon Crawl Stone Soup version 0.30-a0-605-gb2882149bf (webtiles) character file.

Game seed: 15638206706615181467

9160 OTABOTABOTAB the Devastator (level 11, -2/54 HPs)
             Began as a Deep Elf Conjurer on Jan 8, 2023.
             Was a Believer of Vehumet.
             Slain by a two-headed ogre
             ... wielding a +0 giant club
              (26 damage)
             ... on level 10 of the Dungeon.
             The game lasted 00:24:01 (9647 turns).

OTABOTABOTAB the Devastator (Deep Elf Conjurer)     Turns: 9647, Time: 00:24:02

Health: -2/54      AC:  8    Str:  4    XL:     11   Next: 19%
Magic:  2/39       EV: 12    Int: 28    God:    Vehumet [**....]
Gold:   547        SH:  6    Dex: 13    Spells: 25/36 levels left

rFire   + . .      SeeInvis .    x - +4 sling (drain)
rCold   . . .      Faith    .    b - +3 buckler "Kiletud" {Harm rElec rPois}
rNeg    . . .      Spirit   .    a - +0 robe
rPois   +          Reflect  .    t - +2 hat
rElec   +          Harm     +    C - +0 cloak
rCorr   .          Rampage  +    (no gloves)
Will    +....                    m - +2 pair of boots "Gingior" {Rampage Regen+ MP+9}
Stlth   ++                       z - amulet of the acrobat
HPRegen 1.09/turn                Z - ring of wizardry {Wiz+, !d}
MPRegen 0.26/turn                F - ring of protection from fire {rF+, !d}

@: studying Armour
A: no striking features
a: Renounce Religion


You were on level 10 of the Dungeon.
You worshipped Vehumet.
Vehumet was pleased with you.
You visited 2 branches of the dungeon, and saw 11 of its levels.

You collected 599 gold pieces.
You spent 52 gold pieces at shops.

Inventory:

Hand Weapons
 x - a +4 sling of draining (weapon)
   (You took it off a goblin on level 3 of the Dungeon)
Missiles
 c - 42 poisoned darts
 i - 4 throwing nets {!d}
 l - 2 curare-tipped darts
 o - 6 javelins
 s - 112 stones
 u - 4 boomerangs
Armour
 a - a +0 robe (worn)
 b - the +3 buckler "Kiletud" (worn) {Harm rElec rPois}
   (You found it on level 2 of the Dungeon)

   rElec:     It insulates you from electricity.
   rPois:     It protects you from poison.
   Harm:      It increases damage dealt and taken.
 m - the +2 pair of boots "Gingior" (worn) {Rampage Regen+ MP+9}
   (You found it on level 6 of the Dungeon)

   MP:        It affects your magic capacity (+9).
   Regen:     It increases your rate of health regeneration.
   Rampage:   It bestows one free step when moving towards enemies.
 t - a +2 hat (worn)
   (You took it off Gastronok on level 9 of the Dungeon)
 C - a +0 cloak (worn)
   (You took it off Crazy Yiuf on level 6 of the Dungeon)
Magical Staves
 k - a staff of poison {rPois}
   (You found it on level 6 of the Dungeon)
 y - a staff of earth
   (You found it on level 8 of the Dungeon)
Jewellery
 f - a ring of fire {rF+, rC-}
   (You found it on level 9 of the Dungeon)
 g - the ring "Oxkuil" {Fly rPois rCorr Str-4 Slay-2}
   (You took it off an orc on level 4 of the Dungeon)

   [ring of flight]

   Str:       It affects your strength (-4).
   Slay:      It affects your accuracy & damage with ranged weapons and melee
   (-2).
   rPois:     It protects you from poison.
   Fly:       It grants you flight.
   rCorr:     It protects you from acid and corrosion.
 r - an amulet of faith
   (You found it on level 8 of the Dungeon)
 z - an amulet of the acrobat (around neck)
   (You found it on level 6 of the Dungeon)
 A - a +4 ring of protection
   (You found it on level 3 of the Dungeon)
 F - a ring of protection from fire (right hand) {rF+, !d}
   (You found it on level 6 of the Dungeon)
 V - a ring of see invisible {sInv, !d}
   (You found it on level 1 of the Dungeon)
 Z - a ring of wizardry (left hand) {Wiz+, !d}
   (You found it on level 9 of the Dungeon)
Wands
 d - a wand of digging (9)
   (You took it off Ijyb on level 3 of the Dungeon)
 p - a wand of paralysis (26)
   (You found it on level 5 of the Dungeon)
 q - a wand of flame (7)
   (You found it on level 9 of the Dungeon)
Scrolls
 e - 2 scrolls of amnesia
 h - a scroll of identify {@r1}
 j - 2 scrolls of enchant armour
 n - a scroll of torment {!r}
 v - 3 scrolls of fog
 Y - 3 scrolls of teleportation {@r3}
Potions
 B - 4 potions of brilliance
 G - 3 potions of ambrosia {!q}
 H - 2 potions of haste
 J - 4 potions of curing {@q1}
 L - 6 potions of flight
 M - 2 potions of might
 N - 3 potions of heal wounds {@q2}
 P - 2 potions of lignification {!q}
 R - a potion of resistance
 T - a potion of berserk rage {!q}
 U - a potion of mutation {!q}


   Skills:
 - Level 2.4 Dodging
 - Level 2.4 Stealth
 + Level 13.1 Spellcasting
 * Level 15.6 Conjurations
 - Level 3.0 Hexes
 - Level 3.0 Translocations


You had 25 spell levels left.
You knew the following spells:

 Your Spells              Type           Power      Damage    Failure   Level
a - Magic Dart            Conj           100%       1d8       0%          1
b - Searing Ray           Conj           100%       2d8       0%          2
c - Fulminant Prism       Conj/Hex       31%        3d16      1%          4
x - Iskenderun's Mystic   Conj/Tloc      63%        2d13      1%          4

Your spell library contained the following spells:

 Spells                   Type           Power      Damage    Failure   Level
 Poisonous Vapours        Pois/Air       36%        N/A       2%          2
 Beastly Appendage        Tmut           36%        N/A       1%          1
 Kiss of Death            Conj/Necr      100%       2d13      1%          1
 Necrotise                Necr           72%        1d7       1%          1
 Summon Small Mammal      Summ           72%        N/A       1%          1
 Confusing Touch          Hex            35%        N/A       1%          3
 Dazzling Flash           Conj/Hex       100%       N/A       1%          3
 Fireball                 Conj/Fire      29%        3d13      1%          5
 Wereblood                Tmut           18%        N/A       2%          2
 Inner Flame              Hex/Fire       26%        N/A       2%          3
 Summon Guardian Golem    Hex/Summ       26%        N/A       2%          3
 Vhi's Electric Charge    Tloc/Air       52%        N/A       2%          3
 Call Canine Familiar     Summ           18%        N/A       4%          3
 Spider Form              Tmut/Pois      18%        N/A       4%          3
 Swiftness                Air            18%        N/A       4%          3
 Vampiric Draining        Necr           18%        2d7       4%          3
 Cause Fear               Hex            17%        N/A       4%          4
 Airstrike                Air            9%         2d(2-18)  16%         4
 Animate Dead             Necr           18%        N/A       16%         4
 Dispel Undead            Necr           18%        3d11      16%         4
 Petrify                  Tmut/Erth      18%        N/A       16%         4
 Metabolic Englaciation   Hex/Ice        13%        N/A       24%         5
 Silence                  Hex/Air        13%        N/A       24%         5
 Agony                    Necr           18%        N/A       38%         5
 Borgnjor's Vile Clutch   Necr/Erth      9%         N/A       38%         5
 Death Channel            Necr           9%         N/A       91%         6
 Statue Form              Tmut/Erth      12%        N/A       91%         6
 Discord                  Hex            17%        N/A       100%        8


Dungeon Overview and Level Annotations

Branches:
Dungeon (10/15)            Temple (1/1) D:7             Orc (0/2) D:9
   Lair: D:8-11

Altars:
Ashenzari
Cheibriados
Dithmenos
Elyvilon
Fedhas
Gozag
Hepliaklqana
Kikubaaqudgha
Makhleb
Nemelex Xobeh
Okawaru
Qazlal
Ru
Sif Muna
Trog
Uskayaw
Vehumet
Wu Jian
Xom
Yredelemnul
Zin
The Shining One

Shops:
D:3 ([([[   D:5 ?   D:6 ?


Message History

Aim: a gnoll, wielding a +2 halberd of flaming (almost dead, 85% to hit)
The searing ray hits the gnoll!
You kill the gnoll!
Vehumet accepts your kill.
You feel your power returning. (Press . to maintain the ray.)
You now have 30/39 mp.
A gnoll comes into view. It is wielding a +0 flail.
You now have 29/39 mp.
You finish channelling your searing ray.
You now have 28/39 mp.
Aim: a gnoll, wielding a +0 flail (85% to hit)
The searing ray hits the gnoll!
You kill the gnoll!
Vehumet accepts your kill.
Vehumet offers you knowledge of Poisonous Vapours. (Press . to maintain the ray.)
You now have 27/39 mp.
A troll comes into view.
You now have 26/39 mp.
You now have 25/39 mp.
You finish channelling your searing ray.
You now have 24/39 mp.
Aim: a troll (83% to hit)
The searing ray hits the troll! (Press . to maintain the ray.)
You now have 23/39 mp.
The searing ray misses the troll.
You now have 22/39 mp.
The searing ray hits the troll.
The troll closely misses you. The troll barely misses you.
The troll misses you.
You now have 21/39 mp.
You erupt in a blast of force!
The mystic blast hits the troll!
The troll is knocked back by the mystic blast.
You now have 17/39 mp.
You erupt in a blast of force!
The mystic blast hits the troll.
You kill the troll!
Vehumet accepts your kill.
The troll leather armour is intact enough to wear.
You hear a shout!
You hear two shouts!
You now have 14/39 mp.
What are your orders? t - Shout!
Orders for allies: a - Attack new target. r - Retreat! s - Stop attacking. g - Guard the area. f - Follow me.
Anything else - Cancel.
Okay, then.
Unknown command.
Unknown command.
Unknown command.
You start resting.
A two-headed ogre comes into view. It is wielding two +0 giant clubs.
A gnoll comes into view. It is wielding a +0 whip.
Unknown command.
You shoot a sling bullet.
The sling bullet barely misses the gnoll.
The sling bullet hits the plant.
The plant begins to die.
You drain the plant.
A gnoll comes into view. It is wielding a +0 spear.
Aim: a gnoll, wielding a +0 whip (85% to hit)
The searing ray hits the gnoll! (Press . to maintain the ray.)
The gnoll shouts!
A nearby plant withers and dies.
You now have 13/39 mp.
The searing ray hits the gnoll.
You kill the gnoll!
Vehumet accepts your kill.
You now have 12/39 mp.
You can't see any susceptible monsters within range! (Use Z to cast anyway.)
You conjure a prism of explosive energy!
A fulminant prism comes into view.
You now have 8/39 mp.
You erupt in a blast of force!
The mystic blast hits the two-headed ogre!
Your fulminant prism crackles loudly.
You now have 5/39 mp.
You erupt in a blast of force!
The mystic blast hits the two-headed ogre!
The two-headed ogre barely misses you. You block the two-headed ogre's attack.
The blast of energy engulfs the two-headed ogre!!
You hear a bellow! x3
You now have 1/39 mp.
Okay, then.
Okay, then.
The puff of flame hits the two-headed ogre.
The gnoll closely misses you.
The puff of flame hits the two-headed ogre.
You block the two-headed ogre's attack.
The two-headed ogre hits you with a +0 giant club!!
The gnoll hits you from afar with a +0 spear!
You take 32 damage, and have 22/54 hp.
MASSIVE DAMAGE!!
Fire: x) +4 sling (drain)
Aim: a two-headed ogre, wielding two +0 giant clubs (almost dead, 74% to hit)
You shoot a sling bullet.
The sling bullet hits the two-headed ogre.
You block the two-headed ogre's attack.
The two-headed ogre hits you with a +0 giant club!!
You die...

..... ....# #
....#
#.######)...#
#...........#
#...........#
............#
#†.@O...#
#.))....#
#g........♣
))..)....#.♣
†)...)....# .
P...........#
............#
..P.P.......#


You could see a two-headed ogre and a gnoll.

Vanquished Creatures
  Gastronok (D:9)
  A two-headed ogre (D:10)
  A komodo dragon (D:10)
  3 trolls
  Grinder (D:6)
  Prince Ribbit (D:8)
  A slime creature (D:7)
  A wyvern (D:8)
  2 yaks (D:10)
  2 steam dragons (D:8)
  Menkaure (D:5)
  3 wargs (D:9)
  2 acid dragons
  3 water moccasins
  3 orc warriors
  2 sky beasts
  3 black bears
  3 ice beasts
  2 ogres
  A centaur (D:9)
  A phantom (D:5)
  Blork the orc (D:5)
  2 necrophages
  4 kobold brigands
  A gnoll sergeant (D:10)
  2 bullfrogs
  3 scorpions (D:5)
  4 wights (D:9)
  13 killer bees
  3 howler monkeys (D:4)
  4 hounds
  2 orc priests
  Crazy Yiuf (D:6)
  7 jellies
  3 gnoll boudas
  Ijyb (D:3)
  Terence (D:2)
  2 iguanas
  Natasha (thrice) (D:3)
  4 orc wizards
  Robin (D:3)
  35 gnolls
  6 adders
  A shadow imp (D:7)
  3 dart slugs
  40 orcs
  4 bats (D:1)
  22 endoplasms
  A giant cockroach (D:2)
  21 goblins
  7 hobgoblins
  12 jackals
  A quokka (D:1)
  A ball python (D:1)
  2 frilled lizards
  23 kobolds
  10 rats
289 creatures vanquished.

Vanquished Creatures (others)
  27 fulminant prisms
  40 fungi
  37 plants
104 creatures vanquished.

Grand Total: 393 creatures vanquished

Notes
Turn   | Place    | Note
-------+----------+-------------------------------------------
     0 | D:1      | OTABOTABOTAB the Deep Elf Conjurer began the quest for the
                  | Orb.
     0 | D:1      | Reached XP level 1. HP: 10/10 MP: 6/6
    84 | D:1      | Found a faded altar of an unknown god.
   289 | D:1      | Reached XP level 2. HP: 15/15 MP: 4/8
   292 | D:1      | Learned a level 2 spell: Searing Ray
   858 | D:2      | Reached skill level 5 in Conjurations
  1073 | D:2      | Reached XP level 3. HP: 12/19 MP: 5/10
  1147 | D:2      | Found an ornate altar of the Wu Jian Council.
  1180 | D:2      | Noticed Terence
  1186 | D:2      | HP: 3/19 [Terence/+0 hand axe (9)]
  1188 | D:2      | Killed Terence
  1189 | D:2      | Reached skill level 4 in Spellcasting
  1664 | D:2      | Identified the +3 buckler "Kiletud" {Harm rElec rPois}
  2036 | D:3      | Found Ijeu's Weapon Boutique.
  2041 | D:3      | Reached XP level 4. HP: 24/24 MP: 7/12
  2180 | D:3      | Noticed Ijyb
  2186 | D:3      | Killed Ijyb
  2290 | D:3      | Found Haesog's Antique Armour Emporium.
  2297 | D:3      | Reached skill level 6 in Conjurations
  2342 | D:3      | Found Merekel's Armour Shop.
  2395 | D:3      | Noticed Robin
  2483 | D:3      | Learned a level 4 spell: Fulminant Prism
  2488 | D:3      | Learned a level 4 spell: Iskenderun's Mystic Blast
  2517 | D:3      | Killed Robin
  2522 | D:3      | Reached XP level 5. HP: 28/28 MP: 0/13
  2551 | D:3      | Found a bloodstained altar of Trog.
  2623 | D:3      | Found a basalt altar of Yredelemnul.
  2626 | D:3      | Found a shadowy altar of Dithmenos.
  2634 | D:3      | Noticed Natasha
  2635 | D:3      | Killed Natasha
  2731 | D:3      | Found Wofaxa Nien's Weapon Shop.
  2743 | D:3      | Found Zagidemo's Armour Shop.
  2902 | D:3      | Found an iron altar of Okawaru.
  2937 | D:3      | Noticed Natasha
  2941 | D:3      | Killed Natasha
  2942 | D:3      | Reached skill level 1 in Hexes
  2942 | D:3      | Reached skill level 1 in Translocations
  3004 | D:3      | Noticed Natasha
  3010 | D:3      | Killed Natasha
  3114 | D:4      | Reached skill level 5 in Spellcasting
  3223 | D:4      | Reached XP level 6. HP: 32/32 MP: 12/15
  3245 | D:4      | Reached skill level 7 in Conjurations
  3245 | D:4      | Reached skill level 2 in Hexes
  3245 | D:4      | Reached skill level 2 in Translocations
  3640 | D:4      | Reached XP level 7. HP: 36/36 MP: 17/17
  3645 | D:4      | Reached skill level 3 in Hexes
  3677 | D:4      | Reached skill level 6 in Spellcasting
  3775 | D:4      | Identified the ring "Oxkuil" {Fly rPois rCorr Str-4 Slay-2}
  3821 | D:4      | Reached skill level 3 in Translocations
  4080 | D:4      | Reached skill level 8 in Conjurations
  4548 | D:5      | Entered Level 5 of the Dungeon
  4587 | D:5      | Reached skill level 7 in Spellcasting
  4587 | D:5      | Reached XP level 8. HP: 41/41 MP: 14/20
  4677 | D:5      | Reached skill level 9 in Conjurations
  4773 | D:5      | Noticed Blork the orc
  4776 | D:5      | Killed Blork the orc
  5169 | D:5      | Found Ucwup's Magic Scroll Shoppe.
  5180 | D:5      | Bought a scroll of identify for 26 gold pieces
  5180 | D:5      | Bought a scroll of identify for 26 gold pieces
  5206 | D:5      | Noticed Menkaure
  5210 | D:5      | Reached skill level 8 in Spellcasting
  5210 | D:5      | Killed Menkaure
  5211 | D:5      | Reached skill level 10 in Conjurations
  5597 | D:6      | Noticed Grinder
  5601 | D:6      | Killed Grinder
  5630 | D:6      | Identified the +2 pair of boots "Gingior" {Rampage Regen+
                  | MP+9}
  5674 | D:6      | Reached XP level 9. HP: 45/45 MP: 19/23
  5735 | D:6      | Reached skill level 9 in Spellcasting
  5868 | D:6      | Found Vusch's Magic Scroll Boutique.
  5965 | D:6      | Reached skill level 11 in Conjurations
  5967 | D:6      | You fall into a shaft and drop 3 floors!
  6074 | D:8      | Noticed a troll
  6092 | D:8      | Killed a troll
  6314 | D:8      | Reached skill level 10 in Spellcasting
  6314 | D:8      | Reached skill level 12 in Conjurations
  6571 | D:7      | Found a staircase to the Ecumenical Temple.
  6589 | Temple   | Entered the Ecumenical Temple
  6712 | Temple   | Became a worshipper of Vehumet
  6877 | D:6      | Found a hazy altar of Hepliaklqana.
  7057 | D:6      | Found a shimmering blue altar of Sif Muna.
  7107 | D:6      | Found a runed translucent door.
  7108 | D:6      | Noticed Crazy Yiuf
  7113 | D:6      | Killed Crazy Yiuf
  7270 | D:7      | Reached skill level 13 in Conjurations
  7314 | D:7      | Reached XP level 10. HP: 50/50 MP: 26/26
  7314 | D:7      | Reached * piety under Vehumet
  7314 | D:7      | Offered knowledge of Shock by Vehumet.
  7342 | D:7      | Reached skill level 11 in Spellcasting
  7359 | D:7      | Identified the +1 ring mail of Hoanig {rPois Regen+ Str-2
                  | Int+5}
  7368 | D:7      | Got the Atlas of Floating Incineration
  7640 | D:7      | Found a snail-covered altar of Cheibriados.
  8012 | D:8      | Noticed Prince Ribbit
  8030 | D:8      | Killed Prince Ribbit
  8280 | D:8      | Offered knowledge of Scorch by Vehumet.
  8344 | D:8      | Found a glowing silver altar of Zin.
  8737 | D:9      | Reached ** piety under Vehumet
  8741 | D:9      | Noticed Gastronok
  8761 | D:9      | Killed Gastronok
  8762 | D:9      | Reached skill level 12 in Spellcasting
  8762 | D:9      | Reached skill level 14 in Conjurations
  9006 | D:9      | Found a staircase to the Orcish Mines.
  9510 | D:10     | Entered Level 10 of the Dungeon
  9517 | D:10     | Reached skill level 15 in Conjurations
  9525 | D:10     | Reached XP level 11. HP: 54/54 MP: 29/29
  9525 | D:10     | Noticed a two-headed ogre
  9528 | D:10     | Killed a two-headed ogre
  9546 | D:10     | Reached skill level 13 in Spellcasting
  9628 | D:10     | Offered knowledge of Poisonous Vapours by Vehumet.
  9638 | D:10     | Noticed a two-headed ogre
  9647 | D:10     | Slain by a two-headed ogre

Illustrated notes

Levels and vault maps discovered:
D:1:      scummos_arrival_gate, layout_loops_ring,
          chequers_ecumenical_altar_simple_redux, minivault_26
D:2:      layout_basic, basic_altar, minmay_misc_feat_room,
          hangedman_glass_teeth, minmay_puff, uniq_terence
D:3:      layout_basic, kennysheep_okawaru_gauntlet, grunt_temple_overflow_open,
          serial_shops, nicolae_lakefront_shop, nicolae_shop_advertising_works
          [nicolae_subvault_shop_adworks], nicolae_shop_overgrown_old_shop,
          shop, nicolae_shop_bloodbath_and_beyond, minmay_fountain_box,
          uniq_ijyb, uniq_robin, uniq_natasha
D:4:      lemuel_castle_with_subvaults [lemuel_castle_interior_original],
          layout_cave_pools, minmay_manual_mess
D:5:      layout_cave_pods, serial_shops, shop, hangedman_abyss_or_decor_passed,
          uniq_blork_the_orc, uniq_menkaure
D:6:      layout_cave_pools, mainiacjoe_overflow_chevrons, tgw_sif,
          serial_shops, kennysheep_little_box, uniq_crazy_yiuf_cottage,
          uniq_grinder
D:7:      lemuel_slime, layout_gridville, mainiacjoe_overflow_24_doors,
          minmay_temple_entry_offerings
D:8:      layout_cave_pods, zin_scriptorium, serial_glass, glass_columns_a,
          glass_columns_b, minmay_checkerbox, uniq_prince_ribbit1
D:9:      layout_basic, minmay_orc_entry_guard_dogs, uniq_gastronok
D:10:     nzn_winding_woodlands_three_and_one
          [nzn_winding_woodlands_5x15_zeroes,
          nzn_winding_woodlands_5x15_split_checker,
          nzn_winding_woodlands_5x15_crooked,
          nzn_winding_woodlands_center_lodge], layout_irregular_city,
          due_lair_maze_entry_diamond, chequers_serial_rivers_small_a,
          grunt_decor_arrowhead, uniq_urug, uniq_sonja, uniq_erica
Temple:   compressed_dpeg_circular_temple

Skill      XL: |  1  2  3  4  5  6  7  8  9 10 11 |
---------------+----------------------------------+-----
Conjurations   | 5 6 7 8 10 13 15 | 15.6
Spellcasting   | 4 5 7 8 10 12 13 | 13.1
Hexes          | 1 2 3 |  3.0
Translocations | 1 2 3 |  3.0
Dodging        | |  2.4
Stealth        | |  2.4

Action                   |  1- 3 |  4- 6 |  7- 9 | 10-12 || total
-------------------------+-------+-------+-------+-------++-------
Melee: Club              |     1 |       |       |       ||     1
 Fire: Sling             |    14 |    69 |   143 |    91 ||   317
 Cast: Magic Dart        |    40 |    12 |       |       ||    52
       Searing Ray       |     7 |    21 |    45 |    27 ||   100
       Fulminant Prism   |       |     2 |    13 |    12 ||    27
       Iskenderun's Myst |       |       |    11 |    18 ||    29
Evoke: Wand              |       |       |       |     2 ||     2
  Use: Scroll            |       |    13 |     5 |     5 ||    23
       Potion            |       |       |     1 |       ||     1
Armor: Robe              |       |     2 |    18 |     7 ||    27
Dodge: Dodged            |     3 |     8 |    33 |    25 ||    69
Block: Buckler           |     1 |     1 |    17 |    12 ||    31

Table legend: (Time is in decaauts)
 A = Elapsed time spent in this place.
 B = Non-inter-level travel time spent in this place.
 C = Inter-level travel time spent in this place.
 D = Time resting spent in this place.
 E = Time spent auto-exploring this place.
 F = Levels seen in this place.
 G = Mean time per level.
                   A        B        C        D        E       F      G
               +--------+--------+--------+--------+--------+-----+--------+
         Total |   9786 |   9475 |    311 |    759 |   7175 |  11 |  889.6 |
       Dungeon |   9626 |   9350 |    276 |    759 |   7083 |  10 |  962.6 |
        Temple |    159 |    124 |     35 |      0 |     92 |   1 |  159.0 |
               +--------+--------+--------+--------+--------+-----+--------+

Top non-repeatable levels by time:
     D:4: 1540 daAuts
     D:8: 1227 daAuts
     D:2: 1183 daAuts
     D:5: 1048 daAuts
     D:3: 1040 daAuts
     D:7: 911 daAuts
     D:6: 858 daAuts
     D:1: 855 daAuts
     D:9: 818 daAuts
  Temple: 159 daAuts
    D:10: 143 daAuts

Table legend:
 A = Kills in this place as a percentage of kills in entire the game.
 B = Kills by you in this place as a percentage of kills by you in the entire game.
 C = Kills by friends in this place as a percentage of kills by friends in the entire game.
 D = Other kills in this place as a percentage of other kills in the entire game.
 E = Experience gained in this place as a percentage of experience gained in the entire game.
 F = Experience gained in this place divided by the number of levels of this place that you have seen.
                   A       B       C       D       E      F
               +-------+-------+-------+-------+-------+----------------------
         Total | 100.0 | 100.0 |   N/A |   N/A | 100.0 | 1189.7
       Dungeon | 100.0 | 100.0 |   N/A |   N/A | 100.0 | 1308.7
               +-------+-------+-------+-------+-------+----------------------
